[Event "Late-Titled-Tuesday-Blitz-April-23-2024"]
[Site "Chess.com"]
[Date "2024.04.23"]
[Round "6"]
[White "Fh2411"]
[Black "MarkoPe"]
[Result "1-0"]
[WhiteElo "2554"]
[BlackElo "2389"]
[TimeControl "180+1"]
[EndTime "15:08:15 PDT"]
[Termination "Fh2411 won on time"]

1. d4 c6 2. Bf4 d6 3. e3 Nd7 4. Nf3 Ngf6 5. h3 g6 6. Be2 Bg7 7. O-O O-O 8. c4 Qc7 9. Nc3 e5 10. Bh2 b6 11. Qc2 a5 12. Rfd1 Re8 13. Rd2 Bb7 14.
Rad1 Rad8 15. dxe5 dxe5 16. Nxe5 Rxe5 17. Bf3 Rde8 18. Na4 c5 19. Bxb7 Qxb7 20. Bxe5 Nxe5 21. Rd8 h6 22. Qb3 Ned7 23. R1xd7 Qxd7 24. Rxd7 Nxd7 25. Qb5 Re7 26. b3 Nf6 27. Nxb6 Ne4 28. Qc6 Re6 29. Qc8+ Kh7 30. Nd5 Be5 31. g3 h5 32. h4 Kg7 33. Qa8 Bd6 34. Qxa5 Nd2 35. Qxd2 1-0

[Event "Late-Titled-Tuesday-Blitz-April-23-2024"]
[Site "Chess.com"]
[Date "2024.04.23"]
[Round "6"]
[White "manitodeplomo"]
[Black "Licancabur"]
[Result "1-0"]
[WhiteElo "2667"]
[BlackElo "2469"]
[TimeControl "180+1"]
[EndTime "15:08:17 PDT"]
[Termination "manitodeplomo won on time"]

1. d4 d5 2. c4 dxc4 3. Nf3 Nf6 4. e3 Bg4 5. Bxc4 e6 6. h3 Bh5 7. Nc3 a6 8. g4 Bg6 9. Ne5 Nbd7 10. Nxg6 hxg6 11. Qf3 c6 12. Bd2 Qc7 13. O-O-O Nb6 14.
Bb3 O-O-O 15. Kb1 Bb4 16. g5 Bxc3 17. bxc3 Ne8 18. e4 Qe7 19. h4 Nd6 20. Bc1 Ndc4 21. Qe2 Na3+ 22. Ka1 Nb5 23. Qc2 Rd7 24. a4 Nd6 25. c4 Ne8 26. c5 Na8 27. Be3 Nac7 28. Qc3 e5 29. d5 cxd5 30. exd5 Qd8 31. d6 Ne6 32. Bxe6 fxe6 33. Qb3 Kb8 34. Rb1 Qc8 35. Rb2 Qc6 36. Rhb1 Rf8 37. Qxe6 Qxa4+ 38. Qa2 Qxa2+ 39. Kxa2 Kc8 40. c6 Rxd6 41. cxb7+ Kb8 42. Ba7+ 1-0

[Event "Late-Titled-Tuesday-Blitz-April-23-2024"]
[Site "Chess.com"]
[Date "2024.04.23"]
[Round "6"]
[White "jinxy2009"]
[Black "Sesleria"]
[Result "1/2-1/2"]
[WhiteElo "2297"]
[BlackElo "2142"]
[TimeControl "180+1"]
[EndTime "15:08:18 PDT"]
[Termination "Game drawn by agreement"]

1. e4 c5 2. Nf3 e6 3. d4 cxd4 4. Nxd4 a6 5. Bd3 Qc7 6. O-O Nf6 7. Qe2 d6 8. c4 Nc6 9. Be3 Be7 10. f4 O-O 11. Nf3 Ng4 12. Bd2 Qb6+ 13. Kh1 Qxb2 14. h3 Qxa1 15. Bc3 Qxc3 16. Nxc3 Nf6 17. e5 Nh5 18.
exd6 Ng3+ 19. Kh2 Nxe2 20. dxe7 Nxe7 21. Nxe2 Bd7 22. Rb1 Bc6 23. Ne5 Rfd8 24. Nxc6 Nxc6 25. Be4 Rd2 26. Bf3 Na5 27. Nc3 Nxc4 28. Rxb7 f5 29. Rc7 Nb6 30. Bxa8 Nxa8 31. Rc8+ Kf7 32. Rxa8 Rc2 33.
Na4 Rxa2 34. Rxa6 h6 35. Nc5 Re2 36. Nd7 g5 37. fxg5 hxg5 38. Ra7 f4 39. Ne5+ Kf6 40.
Nf3 e5 41. Ng1 Rb2 42. Ra1 e4 43. Rf1 Kf5 44. Kh1 g4 45. hxg4+ Kxg4 46. Re1 e3 47. Nf3 Kg3 48. Nd4 Rf2 49. Ne2+ Kg4 50. Kg1 f3 51. gxf3+ Kxf3 52. Nd4+ Kg3 53. Re2 Rxe2 54.
Nxe2+ Kf3 55. Kf1 Ke4 56. Ke1 1/2-1/2

[Event "Late-Titled-Tuesday-Blitz-April-23-2024"]
[Site "Chess.com"]
[Date "2024.04.23"]
[Round "6"]
[White "LiemLe"]
[Black "Vladimir_2020"]
[Result "1-0"]
[WhiteElo "3059"]
[BlackElo "2773"]
[TimeControl "180+1"]
[EndTime "15:08:19 PDT"]
[Termination "LiemLe won on time"]

1. Nf3 d5 2. e3 Nf6 3. c4 c6 4. Nc3 a6 5. b3 Bg4 6. h3 Bxf3 7. Qxf3 e6 8. Bb2 Nbd7 9. d4 Bd6 10. Bd3 O-O 11.
O-O Qe7 12. Rad1 Rfe8 13. e4 dxc4 14. Bxc4 e5 15. d5 Nb6 16. dxc6 bxc6 17. Bd3 a5 18. Bc2 Bc5 19. Bc1 Nfd7 20. Ne2 Nf8 21. Rd3 Ne6 22. Bb2 a4 23. Rfd1 axb3 24. Bxb3 Ng5 25. Qg4 h5 26.
Qxh5 Nxe4 27. Rf3 Nd5 28. Ng3 Nxg3 29. Rxg3 Nf4 30. Qg4 Qf6 31. Rd7 Re7 32. Rxe7 Bxe7 33. Rf3 Rd8 34. g3 Nxh3+ 35. Kg2 Nf4+ 36. gxf4 Rd2 37.
Bxe5 Qh6 38. Rh3 1-0

[Event "Late-Titled-Tuesday-Blitz-April-23-2024"]
[Site "Chess.com"]
[Date "2024.04.23"]
[Round "6"]
[White "scandalgod"]
[Black "Korchmar_Vasiliy"]
[Result "1-0"]
[WhiteElo "2532"]
[BlackElo "2696"]
[TimeControl "180+1"]
[EndTime "15:08:19 PDT"]
[Termination "scandalgod won on time"]

1. d4 Nf6 2. c4 g6 3. Nc3 d5 4.
Bg5 Bg7 5. Nf3 Ne4 6. Bh4 Nxc3 7. bxc3 dxc4 8. e3 Be6 9. Rb1 b6 10. Be2 Nc6 11. Ng5 Bf5 12. Bxc4 O-O 13. e4 Bd7 14. O-O Na5 15. Be2 c5 16. Re1 h6 17. Nf3 Bg4 18. e5 Be6 19. a4 cxd4 20. Nxd4 Bd5 21. Bf3 Rc8 22. e6 Rxc3 23. exf7+ Rxf7 24. Ne6 Qc8 25. Bxd5 Kh7 26. Nxg7 Rxg7 27. Rxe7 Rxe7 28.
Bxe7 Qd7 29. Bb4 Rc7 30. Bxa5 bxa5 31. Be4 Qe6 32. Qd3 Re7 33. f3 h5 34. h3 Qf6 35.
Rb8 Rg7 36. Rd8 Qe6 37. Rd6 Qc8 38. Bxg6+ 1-0

[Event "Late-Titled-Tuesday-Blitz-April-23-2024"]
[Site "Chess.com"]
[Date "2024.04.23"]
[Round "6"]
[White "Mackster23"]
[Black "RebecaJimnz"]
[Result "0-1"]
[WhiteElo "2592"]
[BlackElo "2315"]
[TimeControl "180+1"]
[EndTime "15:08:19 PDT"]
[Termination "RebecaJimnz won on time"]

1. e4 c5 2. Nf3 e6 3. d4 cxd4 4. Nxd4 Nf6 5. Nc3 Nc6 6. Bf4 d6 7. Ndb5 e5 8. Bg5 a6 9. Na3 Be6 10. Nc4 Rb8 11. Ne3 Be7 12. Bxf6 Bxf6 13. Ncd5 Bg5 14. c3 O-O 15. Bc4 b5 16. Bb3 b4 17.
O-O bxc3 18. bxc3 g6 19. Bc4 Kh8 20. Qa4 Na5 21. Bxa6 Ra8 22. Bd3 Bxe3 23. Nxe3 Nb3 24. Qxa8 Qxa8 25. axb3 Qc6 26. Rfc1 Kg7 27. b4 f5 28. exf5 gxf5 29. Nf1 e4 30. Ra6 Qb7 31. Be2 Rd8 32. g3 Kh8 33. Ne3 f4 34. gxf4 Bh3 35.
Rca1 Qg7+ 36. Kh1 Qxc3 37. Ra7 d5 38. Rg1 d4 39. Ng4 d3 40. Bd1 Rg8 41. Rg3 Qe1+ 42. Rg1 Qd2 0-1

[Event "Late-Titled-Tuesday-Blitz-April-23-2024"]
[Site "Chess.com"]
[Date "2024.04.23"]
[Round "6"]
[White "masterofpuppets2"]
[Black "kai_nov"]
[Result "1-0"]
[WhiteElo "2484"]
[BlackElo "2268"]
[TimeControl "180+1"]
[EndTime "15:08:19 PDT"]
[Termination "masterofpuppets2 won on time"]

1. d4 d5 2. c4 e6 3. Nc3 c6 4. e4 dxe4 5. Nxe4 Bb4+ 6. Nc3 c5 7. Nf3 Nf6 8. Be3 cxd4 9. Nxd4 O-O 10. Be2 e5 11. Nb5 Nc6 12. O-O Be6 13. a3 Bxc3 14. Nxc3 Rc8 15. b4 Nd4 16. c5 Nxe2+ 17. Qxe2 a6 18. Rfd1 Qc7 19. h3 h6 20. Rd6 Rfd8 21.
Rxd8+ Rxd8 22. Re1 Nd5 23. Ne4 f5 24. Nd6 e4 25.
Bd4 Nf4 26. Qe3 Nd3 27. Rd1 Rxd6 28. cxd6 Qxd6 29. Bc5 Qc7 30. Rxd3 exd3 31. Qxe6+ Kh8 32. Qd5 b6 33. Qxd3 bxc5 34. Qc4 Qe5 35. Qxc5 Qa1+ 36. Kh2 Qxa3 37. Qf8+ Kh7 38. Qxf5+ Kh8 39. Qc5 Qa4 40. f4 Qd7 41. f5 Qd3 42. g4 Qe2+ 43. Kg3 Qe1+ 44.
Kf4 1-0

[Event "Late-Titled-Tuesday-Blitz-April-23-2024"]
[Site "Chess.com"]
[Date "2024.04.23"]
[Round "6"]
[White "KebabJangles"]
[Black "ccccvhhhj"]
[Result "1-0"]
[WhiteElo "2253"]
[BlackElo "2461"]
[TimeControl "180+1"]
[EndTime "15:08:19 PDT"]
[Termination "KebabJangles won on time"]

1. d4 e5 2. dxe5 d6 3. Nf3 Bg4 4. exd6 Bxd6 5. h3 Bh5 6. Nc3 Nc6 7. Bg5 f6 8. Bh4 Qe7 9. e3 O-O-O 10. Qd5 g5 11. Nxg5 fxg5 12. Bxg5 Nf6 13. Bxf6 Qxf6 14. Qxh5 Bb4 15. Qg4+ Kb8 16. Qc4 Rhf8 17. f3 Rfe8 18.
Kf2 Rd2+ 19. Be2 Rxc2 20. Ne4 Qxb2 21. Rhb1 Rxc4 22. Rxb2 Rcxe4 23. fxe4 Bc3 24. Rab1 Bxb2 25. Rxb2 Rxe4 26. Bf3 Re6 27. Bd5 Rf6+ 28. Ke2 Na5 29. Be4 Rf7 30. Rb5 b6 31. Rh5 Nc4 32. Bd5 Rg7 33. Bxc4 Rxg2+ 34. Kf3 Rg7 35. Bd5 Kc8 36. e4 Kd7 37. Rf5 Kd6 38. Rf6+ Ke5 39. Rc6 a5 40. h4 h5 41. Rh6 c5 42. Rxh5+ Kd4 43. Rg5 Rh7 44.
h5 c4 45. Bg8 1-0

[Event "Late-Titled-Tuesday-Blitz-April-23-2024"]
[Site "Chess.com"]
[Date "2024.04.23"]
[Round "6"]
[White "VladimirBugayev"]
[Black "katharinareinecke"]
[Result "1-0"]
[WhiteElo "2245"]
[BlackElo "2046"]
[TimeControl "180+1"]
[EndTime "15:08:19 PDT"]
[Termination "VladimirBugayev won on time"]

1. e4 c6 2. d4 d5 3. exd5 cxd5 4. Bd3 Nc6 5. c3 Qc7 6. Ne2 Bg4 7. O-O Bxe2 8. Qxe2 Nf6 9. Bg5 e6 10. Bh4 Bd6 11.
Bg3 Bxg3 12. fxg3 O-O 13. g4 Nd7 14. Na3 a6 15. g5 b5 16. Nc2 b4 17. cxb4 Qb6 18.
Rf4 g6 19. a3 Rac8 20. Qf2 e5 21. dxe5 Qxf2+ 22. Rxf2 Ndxe5 23. Bxa6 Rc7 24. b5 Na5 25. Nb4 Nac4 26. Nxd5 Rd7 27. Nf6+ Kg7 28. Nxd7 Nxd7 29. b3 Nce5 30. Raf1 h6 31. gxh6+ Kxh6 32. a4 f5 33. Rd2 Nc5 34. Rd5 Ned3 35. Rd1 Nxa6 36. bxa6 Nb4 37. Ra5 Ra8 38. Rd6 Nc2 39. Rxf5 Re8 40. h3 Re2 41. Rff6 Ne3 42. Rxg6+ Kh7 43. Rdf6 Re1+ 44. Kh2 Nf1+ 45. Rxf1 1-0

[Event "Late-Titled-Tuesday-Blitz-April-23-2024"]
[Site "Chess.com"]
[Date "2024.04.23"]
[Round "6"]
[White "RobertJFischer71"]
[Black "SpeedofLight0"]
[Result "0-1"]
[WhiteElo "2605"]
[BlackElo "3047"]
[TimeControl "180+1"]
[EndTime "15:08:21 PDT"]
[Termination "SpeedofLight0 won by resignation"]

1. e4 Nc6 2. Nc3 Nf6 3. Nf3 d5 4. e5 Ne4 5. d4 Bf5 6. Bd3 e6 7. O-O Be7 8. Ne2 O-O 9. Ng3 Bg6 10. c3 f5 11. exf6 Bxf6 12. Re1 e5 13. dxe5 Nxe5 14.
Nxe5 Bxe5 15. Bxe4 dxe4 16. Qxd8 Raxd8 17. Be3 b6 18. Bg5 Rde8 19. Rad1 h6 20. Be3 c5 21. Rd7 a5 22. Red1 a4 23. Rb7 Rd8 24. Rdd7 Rxd7 25. Rxd7 a3 26. bxa3 Bxc3 27. Rd6 Rf6 28. Rxf6 Bxf6 29.
a4 Bc3 30. Ne2 Bb4 31. Nc1 Bf7 32. Nb3 c4 33. Nd4 Be8 34. Nc2 Ba5 35. Na3 Bf7 36. Kf1 c3 37. Ke2 Bxa2 38. Nb5 Bc4+ 39. Kd1 Bb3+ 40. Kc1 Bxa4 41. Nd6 Bb4 42. Nxe4 Ba3+ 43. Kb1 c2+ 44. Ka2 c1=Q 45. Bxc1 Bxc1 46. Nc3 Bc6 47. f3 Bf4 48. h3 Be5 49. Kb3 Bxc3 50. Kxc3 Kf7 0-1

[Event "Late-Titled-Tuesday-Blitz-April-23-2024"]
[Site "Chess.com"]
[Date "2024.04.23"]
[Round "6"]
[White "Indefatigable11"]
[Black "jaskol95"]
[Result "0-1"]
[WhiteElo "2401"]
[BlackElo "2588"]
[TimeControl "180+1"]
[EndTime "15:08:21 PDT"]
[Termination "jaskol95 won on time"]

1. d4 e6 2. e4 d5 3. e5 c5 4. c3 Qb6 5. Nf3 Bd7 6. Bd3 Bb5 7. O-O Bxd3 8. Qxd3 cxd4 9. cxd4 Nc6 10. Nc3 a6 11. a3 Nge7 12. b4 Nf5 13. Be3 Be7 14.
Na4 Qc7 15. Rac1 O-O 16. Bg5 Bxg5 17. Nxg5 Rac8 18. Nf3 f6 19. Nc5 Qf7 20. exf6 gxf6 21. Rfe1 Rce8 22. Nxe6 Rxe6 23. Qxf5 Rfe8 24. Rxe6 Qxe6 25.
Qf4 Kg7 26. h3 Qe4 27. Qg3+ Qg6 28. Qd6 Qf7 29. Nh4 Re6 30. Qg3+ Kh8 31. Nf5 Qg6 32. Qf3 Re4 33. Rc5 Qf7 34. Qg3 h5 35. Rxd5 h4 36.
Nxh4 Qxd5 37. Ng6+ Kg7 38. Ne7+ Qg5 39. Nf5+ Kh8 40. Qf3 Rf4 0-1

[Event "Late-Titled-Tuesday-Blitz-April-23-2024"]
[Site "Chess.com"]
[Date "2024.04.23"]
[Round "6"]
[White "Byniolus"]
[Black "nihalsarin"]
[Result "0-1"]
[WhiteElo "2806"]
[BlackElo "3134"]
[TimeControl "180+1"]
[EndTime "15:08:22 PDT"]
[Termination "nihalsarin won on time"]

1. d4 b5 2. Bf4 a5 3. e3 b4 4. Nf3 Nf6 5. h3 e6 6. Be2 Bd6 7. Bxd6 cxd6 8. O-O O-O 9. a3 Bb7 10. Nbd2 Nc6 11. c4 bxc3 12. bxc3 a4 13. Qc2 Qc7 14. c4 h6 15. Rfc1 Rfb8 16. c5 Na5 17. Qxa4 Bd5 18. Qc2 Rc8 19. e4 Bb7 20. Qd3 dxc5 21.
Rxc5 Qf4 22. Rxc8+ Rxc8 23. g3 Qb8 24. e5 Ne8 25.
Ne4 Bd5 26. Nc5 d6 27. exd6 Nxd6 28. Ne5 Nf5 29. Bg4 Rxc5 30. Bxf5 exf5 31. dxc5 Qxe5 32. Rd1 Bc6 33. Qd8+ Kh7 34. Qd4 Qe2 35. Qd3 Qh5 36. Qf1 Qf3 37. Kh2 Be4 38. Re1 f4 39. g4 Nc6 40. Qh1 Qxf2+ 0-1

[Event "Late-Titled-Tuesday-Blitz-April-23-2024"]
[Site "Chess.com"]
[Date "2024.04.23"]
[Round "6"]
[White "amanmuhammethommadov"]
[Black "rasmussvane"]
[Result "1-0"]
[WhiteElo "2739"]
[BlackElo "2947"]
[TimeControl "180+1"]
[EndTime "15:08:22 PDT"]
[Termination "amanmuhammethommadov won on time"]

1. e4 c6 2. d4 d5 3. exd5 cxd5 4. Bd3 Nc6 5. c3 Nf6 6. Bf4 Bg4 7. Qb3 Qd7 8. Nd2 e6 9. Ngf3 Bd6 10. Bxd6 Qxd6 11. O-O O-O 12. Rfe1 Bf5 13. Bxf5 exf5 14. Ne5 Ne4 15.
Nf1 Rab8 16. Nd3 b6 17. Ne3 Ne7 18. f3 Nf6 19. Qb4 Qc7 20. a4 g6 21. a5 Rfe8 22. axb6 axb6 23. Qb5 f4 24. Nc2 Nf5 25. Ne5 Re6 26.
Qd3 Rbe8 27. Qd2 Nh5 28. Nb4 Qd6 29. Qc2 Nxd4 30. cxd4 Qxb4 31. Qc3 Qe7 32. Qb3 Qd6 33. Qb5 Ng7 34. Nd3 Nf5 35. Qxe8+ Rxe8 36. Rxe8+ Kg7 37. Ra7 Nxd4 38. Ree7 Qf6 39. Ne5 Qh4 40. Rxf7+ 1-0

[Event "Late-Titled-Tuesday-Blitz-April-23-2024"]
[Site "Chess.com"]
[Date "2024.04.23"]
[Round "6"]
[White "Zhigalko_Sergei"]
[Black "PavlovDanila"]
[Result "0-1"]
[WhiteElo "2882"]
[BlackElo "2604"]
[TimeControl "180+1"]
[EndTime "15:08:23 PDT"]
[Termination "PavlovDanila won by checkmate"]

1. e4 e6 2. d4 d5 3. e5 c5 4. c3 Qa5 5. Nf3 cxd4 6. Qxd4 Nc6 7. Qf4 Nge7 8. Bd3 Qc7 9. O-O Ng6 10.
Bxg6 hxg6 11. c4 dxc4 12. Nc3 a6 13. Qxc4 b5 14. Qf4 Be7 15. Be3 g5 16. Qg3 g4 17.
Qxg4 Nxe5 18. Nxe5 Qxe5 19. Bf4 Qf5 20. Qxg7 Bf6 21.
Qg3 Bb7 22. Rad1 Qh7 23. f3 Bh4 24. Qg4 f5 25. Qh3 Qg7 26. g3 Bg5 27. Qg2 Bxf4 28. gxf4 Qh7 29. Kh1 Rd8 30. Rde1 Kf7 31. Re2 Rdg8 32.
Qf2 Qh3 33. a3 Rg3 34. Ne4 Rxf3 35. Qxf3 Bxe4 36. Rxe4 Qxh2# 0-1

[Event "Late-Titled-Tuesday-Blitz-April-23-2024"]
[Site "Chess.com"]
[Date "2024.04.23"]
[Round "6"]
[White "AlexeiShirov"]
[Black "Slovak_fighter2000"]
[Result "1-0"]
[WhiteElo "2804"]
[BlackElo "2544"]
[TimeControl "180+1"]
[EndTime "15:08:23 PDT"]
[Termination "AlexeiShirov won on time"]

1. e4 e6 2. d4 d5 3. e5 c5 4. c3 Qb6 5. Nf3 Bd7 6. a3 Bb5 7. b4 cxd4 8. Bxb5+ Qxb5 9. cxd4 Ne7 10. Nc3 Qd7 11.
O-O Nc8 12. Ng5 Be7 13. Qh5 Bxg5 14. Bxg5 Nc6 15. Rad1 a6 16. f4 N6e7 17. f5 exf5 18. e6 Qxe6 19. Rde1 Qd7 20. Re3 O-O 21. Rh3 f6 22.
Qxh7+ Kf7 23. Bh6 Rg8 24. Rg3 Nd6 25. Ne2 Ne4 26. Rxg7+ Rxg7 27. Qxg7+ Ke6 28. Nf4+ Kd6 29. Nd3 Rg8 30. Bf4+ Kc6 31. Qf7 Kb6 32. Nc5 Nxc5 33. dxc5+ Ka7 34. Bd6 Re8 35. Re1 f4 36. Rxe7 Rxe7 37.
Qxe7 Qg4 38. Qe1 f3 39. g3 Qd4+ 40. Kf1 Qd3+ 41. Kf2 d4 42. Qe8 Qd2+ 43. Kxf3 Qd3+ 44. Kg4 Qd1+ 45. Kh4 1-0

[Event "Late-Titled-Tuesday-Blitz-April-23-2024"]
[Site "Chess.com"]
[Date "2024.04.23"]
[Round "6"]
[White "CombativeWombat"]
[Black "campochess"]
[Result "1/2-1/2"]
[WhiteElo "2333"]
[BlackElo "2161"]
[TimeControl "180+1"]
[EndTime "15:08:24 PDT"]
[Termination "Game drawn by repetition"]

1. e4 c5 2. Nf3 Nc6 3. Nc3 Nf6 4. Bb5 Nd4 5. e5 Nxb5 6. Nxb5 Nd5 7. Ng5 h6 8. Qh5 g6 9. Qf3 hxg5 10. Qxd5 Qb6 11. c4 a6 12. Nc3 e6 13. Qf3 d6 14. d4 cxd4 15. Ne4 dxe5 16. Nf6+ Kd8 17. Bxg5 Be7 18. O-O Bd7 19. Nxd7 Kxd7 20. Qxf7 Rae8 21.
Rae1 Qd6 22. f4 Rhf8 23. Qxg6 exf4 24. Bxe7 Rxe7 25. Qe4 Kc7 26. c5 Qd7 27. Rxf4 Rd8 28.
Rd1 Kc8 29. Rxd4 Qe8 30. Qe5 Rxd4 31. Rxd4 Rd7 32. b4 Rxd4 33. Qxd4 Qg6 34. h3 Qb1+ 35. Kh2 Qxa2 36. h4 Qe2 37. c6 bxc6 38. Qd6 Qe4 39.
h5 Kb7 40. h6 Qh4+ 41. Kg1 Qe1+ 42. Kh2 Qh4+ 43. Kg1 Qe1+ 44. Kh2 Qh4+ 1/2-1/2

[Event "Late-Titled-Tuesday-Blitz-April-23-2024"]
[Site "Chess.com"]
[Date "2024.04.23"]
[Round "6"]
[White "KorolDimitriy75"]
[Black "WilsonPalencia21"]
[Result "0-1"]
[WhiteElo "2351"]
[BlackElo "2525"]
[TimeControl "180+1"]
[EndTime "15:08:26 PDT"]
[Termination "WilsonPalencia21 won on time"]

1. d4 Nf6 2. c4 c5 3. d5 e6 4.
Nc3 exd5 5. cxd5 d6 6. Nf3 g6 7. Nd2 a6 8. a4 Nbd7 9. Nc4 Nb6 10. e4 Nxc4 11. Bxc4 Bg7 12. O-O O-O 13. Re1 Nd7 14.
Bf4 Ne5 15. Bf1 g5 16. Bg3 h6 17. Qd2 Ng6 18. h3 h5 19. Be2 h4 20. Bh2 Bd4 21. Bg4 Bxg4 22. hxg4 Qf6 23. e5 Nxe5 24. Ne4 Qg6 25.
Bxe5 Bxe5 26. Nxg5 f5 27. Ne6 fxg4 28. Nxf8 Rxf8 29.
Rxe5 dxe5 30. d6 h3 31. Rd1 Qe4 32. Qg5+ Kh7 33. Qh5+ Kg7 34. Qg5+ Kf7 35. f3 h2+ 36. Kxh2 Qf4+ 37. Qxf4+ exf4 38. fxg4 Rh8+ 39. Kg1 Ke6 40. d7 Ke7 41. Kf2 Kd8 42. Kf3 Rf8 43. a5 Rf7 44. g5 Rf5 45. Kg4 Rf8 46. g6 c4 47. Kg5 f3 0-1

[Event "Late-Titled-Tuesday-Blitz-April-23-2024"]
[Site "Chess.com"]
[Date "2024.04.23"]
[Round "6"]
[White "miraitrunks"]
[Black "Romkachess"]
[Result "0-1"]
[WhiteElo "2203"]
[BlackElo "2633"]
[TimeControl "180+1"]
[EndTime "15:08:28 PDT"]
[Termination "Romkachess won by checkmate"]

1. e4 e5 2. Nf3 Nc6 3. Bc4 Bc5 4. b4 Bxb4 5. c3 Ba5 6. O-O Nf6 7. d4 O-O 8. Bg5 h6 9. Bh4 d6 10. Qb3 Bb6 11. Rd1 exd4 12. cxd4 Na5 13. Qd3 Nxc4 14. Qxc4 d5 15. Qb4 dxe4 16. Ne5 Qd6 17. Qb2 Nd5 18. Nc4 Qg6 19. Bg3 h5 20. Nc3 Nxc3 21. Qxc3 c6 22. Ne5 Qf5 23. d5 cxd5 24. Rxd5 Be6 25. Rb5 Rac8 26. Qb2 Qf6 27. h3 h4 28. Bh2 e3 29. fxe3 Bxe3+ 30. Kh1 Bb6 31. Re1 Rfd8 32.
Qe2 Bd5 33. Ng4 Qg6 34. Be5 f6 35. Bb2 Bc6 36. Rb4 Re8 37. Rf4 Rxe2 38. Rxe2 Qb1+ 39. Kh2 Qg1# 0-1

[Event "Late-Titled-Tuesday-Blitz-April-23-2024"]
[Site "Chess.com"]
[Date "2024.04.23"]
[Round "6"]
[White "elmusmolamas"]
[Black "Ali_rastbod"]
[Result "1-0"]
[WhiteElo "2518"]
[BlackElo "2686"]
[TimeControl "180+1"]
[EndTime "15:08:29 PDT"]
[Termination "elmusmolamas won on time"]

1. g3 e5 2. Bg2 d5 3. c3 Nf6 4. d4 e4 5. f3 Bd6 6. Nh3 h5 7.
Nf2 exf3 8. exf3 h4 9. g4 O-O 10. O-O Nh7 11. h3 f5 12. Nd3 c6 13. f4 Nf6 14. g5 Ne4 15. Bd2 g6 16. Be1 Kg7 17.
Bxh4 Rh8 18. Be1 Nd7 19. Nd2 Nf8 20. Nf3 Ne6 21. Nfe5 c5 22. dxc5 N6xc5 23. Bf2 Nxd3 24. Nxd3 Rh5 25. Bd4+ Kh7 26. Ne5 Be6 27. Kh2 Qc7 28.
Bf3 Rh4 29. Be2 Nxg5 30. Qe1 Rxh3+ 31. Kg2 Rh6 32. fxg5 Bxe5 33. gxh6 Bf4 34. Bf3 Re8 35. Qf2 g5 36. Rae1 Qf7 37. Rh1 Re7 38. Bh5 Qf8 39.
Bc5 Qf6 40. Bxe7 Qxe7 41. Qe2 d4 42. Qxe6 1-0

[Event "Late-Titled-Tuesday-Blitz-April-23-2024"]
[Site "Chess.com"]
[Date "2024.04.23"]
[Round "6"]
[White "kripri"]
[Black "tarno17"]
[Result "0-1"]
[WhiteElo "2328"]
[BlackElo "2159"]
[TimeControl "180+1"]
[EndTime "15:08:32 PDT"]
[Termination "tarno17 won by checkmate"]

1. e4 c5 2. Nf3 e6 3. d4 cxd4 4. Nxd4 a6 5. Bd3 Bc5 6. Nb3 Be7 7. Qg4 g6 8. O-O Nf6 9. Qe2 d6 10. N1d2 Nbd7 11. a4 b6 12. Bc4 Bb7 13. f4 Qc7 14. f5 gxf5 15. exf5 e5 16. Bd3 Qc6 17. Re1 Rg8 18. Ne4 Rg4 19. Ng3 h5 20. Be3 h4 21.
Nd4 exd4 22. Bxd4 O-O-O 23. Bxf6 Nxf6 24. Ne4 Rxe4 25. Bxe4 Nxe4 26. c3 Bf6 27. a5 b5 28.
Rad1 d5 29. Qe3 Rg8 30. Re2 Bg5 31. Qd4 Bf4 32. Rf1 Bd6 33. Rd1 Bc5 34. Kh1 Bxd4 35. Rxd4 Qd6 36. Rd1 Qf6 37. Rf1 Rg5 38. Kg1 Rxf5 39.
Rfe1 Rg5 40. Re3 Qg6 41. R3e2 h3 42. g3 Nxg3 43. hxg3 Rxg3+ 44. Kh2 Rg2+ 45. Kxh3 Qg3# 0-1

[Event "Late-Titled-Tuesday-Blitz-April-23-2024"]
[Site "Chess.com"]
[Date "2024.04.23"]
[Round "6"]
[White "Jospem"]
[Black "Fandorine"]
[Result "1/2-1/2"]
[WhiteElo "3087"]
[BlackElo "2940"]
[TimeControl "180+1"]
[EndTime "15:08:34 PDT"]
[Termination "Game drawn by repetition"]

1. e4 e5 2. Nf3 Nc6 3. Nc3 Nf6 4. h3 d5 5. Bb5 Nxe4 6. O-O Bd6 7. Nxd5 O-O 8. d3 Nc5 9. Bc4 Ne6 10. Re1 Kh8 11. c3 f5 12. b4 a6 13. a4 f4 14. Bd2 Ng5 15. Nxg5 Qxg5 16. Qf3 Bf5 17. b5 axb5 18. axb5 Rxa1 19. Rxa1 e4 20. Bxf4 exf3 21. Bxg5 Ne5 22. Be7 Bxe7 23. Nxe7 Bxd3 24. Bxd3 Nxd3 25. Ra7 fxg2 26.
Rxb7 g6 27. Kxg2 Rxf2+ 28. Kg1 Rb2 29. c4 Ne5 30. Rxc7 Nf3+ 31. Kf1 Rd2 32. Nxg6+ hxg6 33. Rf7 Ne5 34. Rc7 Rb2 35. Rc5 Nxc4 36. Rxc4 Rxb5 37. Rc7 Kg8 38. Kg2 Kh8 39. Kg3 Kg8 40. Kg4 Kh8 41. Rd7 Kg8 42. Re7 Kh8 43. Kf4 Kg8 44. Re8+ Kg7 45.
Re5 Rxe5 46. Kxe5 Kh8 47. Kf4 Kh7 48. Kg3 Kg7 49. Kg4 Kh7 50. Kg5 Kg7 51. Kg4 Kh7 52. Kg5 Kg7 53. Kh4 Kh7 54. Kg4 Kg7 55. Kg3 Kh7 56. Kh4 Kg7 57. Kg4 1/2-1/2

[Event "Late-Titled-Tuesday-Blitz-April-23-2024"]
[Site "Chess.com"]
[Date "2024.04.23"]
[Round "6"]
[White "kikoveiga"]
[Black "Francisco_Ferrari"]
[Result "1/2-1/2"]
[WhiteElo "2569"]
[BlackElo "2196"]
[TimeControl "180+1"]
[EndTime "15:08:35 PDT"]
[Termination "Game drawn by repetition"]

1. d4 Nf6 2. Nc3 d5 3. Bf4 c6 4. e3 Bf5 5. Bd3 Bxd3 6. cxd3 Nbd7 7. Nf3 e6 8. h3 h6 9. O-O g5 10. Bg3 Rg8 11. e4 Nh5 12. Bh2 Nf4 13. Ne2 Bd6 14. Kh1 Nf8 15. Nxf4 Bxf4 16. Bxf4 gxf4 17. Ne5 Qf6 18.
Qf3 O-O-O 19. b4 Ng6 20. Nxg6 Qxg6 21. e5 f6 22. Rg1 fxe5 23. dxe5 Rdf8 24. a4 Rf5 25. d4 Qh5 26. Qxh5 Rxh5 27. Kh2 Rhg5 28. Ra3 Kc7 29. Rf3 Rf5 30. Rc1 Rfg5 31. Rg1 Rf5 32. a5 b6 33. axb6+ axb6 34. Rc3 Kb7 35. Rgc1 Rfg5 36. g4 fxg3+ 37. fxg3 R8g7 38. g4 h5 39. Rxc6 hxg4 40. h4 g3+ 41. Kh3 R5g6 42. Kg2 Rg4 43.
Rxe6 Rxd4 44. Rcc6 Rd2+ 45. Kg1 Rd1+ 46. Kg2 Rd2+ 47.
Kg1 Rd1+ 48. Kg2 Rd2+ 1/2-1/2

[Event "Late-Titled-Tuesday-Blitz-April-23-2024"]
[Site "Chess.com"]
[Date "2024.04.23"]
[Round "6"]
[White "ChessBrainiacOnTwitch"]
[Black "jlf287"]
[Result "1-0"]
[WhiteElo "2799"]
[BlackElo "2544"]
[TimeControl "180+1"]
[EndTime "15:08:38 PDT"]
[Termination "ChessBrainiacOnTwitch won on time"]

1. e4 e5 2. Nf3 Nc6 3. Nc3 Nf6 4.
a3 d5 5. exd5 Nxd5 6. Bb5 Nxc3 7. bxc3 Bd6 8. O-O O-O 9. d3 Bg4 10. h3 Bh5 11. Re1 f5 12. a4 Qf6 13. Bd2 Rae8 14. Bc4+ Kh8 15. Bd5 Ne7 16. Bxb7 c6 17. Bg5 Bxf3 18. Qd2 Qg6 19. gxf3 h6 20. h4 hxg5 21.
hxg5 f4 22. Kf1 Rb8 23. Rab1 Qxg5 24. Ke2 Rf6 25. Rg1 Qf5 26. Ba6 Rxb1 27. Rxb1 Rh6 28. Bc4 Rh2 29. d4 e4 30. Rg1 Rxf2+ 31. Kxf2 e3+ 32.
Ke2 exd2 33. Rh1+ Qh7 34. Rxh7+ Kxh7 35. Kxd2 Kg6 36. Be6 Kf6 37. Bd7 c5 38. Kd3 Nd5 39. Bc6 Nb6 40. a5 Nc8 41. Kc4 Ne7 42. Be4 g5 43. dxc5 Bc7 44. Kb5 Ke5 45. Bb7 Nd5 46. c4 Ne3 47. a6 1-0

[Event "Late-Titled-Tuesday-Blitz-April-23-2024"]
[Site "Chess.com"]
[Date "2024.04.23"]
[Round "6"]
[White "lluiss"]
[Black "zacachess"]
[Result "0-1"]
[WhiteElo "2139"]
[BlackElo "2319"]
[TimeControl "180+1"]
[EndTime "15:08:38 PDT"]
[Termination "zacachess won on time"]

1. Nf3 Nf6 2. d4 e6 3. g3 b5 4. Bg2 Bb7 5. O-O c5 6. c3 Be7 7. a4 b4 8. Nbd2 O-O 9. Re1 d5 10. c4 Nbd7 11. cxd5 Bxd5 12. e4 Bb7 13. e5 Nd5 14. Nb3 c4 15. Nbd2 Rc8 16. Ne4 a5 17. Bg5 Ba6 18. Bxe7 Qxe7 19. Nd6 Rc7 20. Qe2 Ra8 21. Nb5 Rc6 22. h4 Rb8 23. Ng5 Bxb5 24. axb5 Rxb5 25. Be4 Nf8 26. Qc2 h6 27. Nf3 Qc7 28.
g4 b3 29. Qb1 c3 30. bxc3 Nxc3 31. Qd3 Nxe4 32. Qxe4 b2 33. Rab1 a4 34. Kg2 a3 35.
g5 h5 36. g6 Nxg6 37. Ng5 a2 38. Rxb2 Rxb2 39. Qf3 Rcc2 40. Qxh5 Rxf2+ 41. Kh1 Qc2 42. Qh7+ Kf8 0-1